Golden Knights vs Senateurs
Created - November 30, 2020 at 19:21
Goals
|
| Golden Knights |
1 |
0 |
0 |
1 |
| Senateurs |
2 |
2 |
0 |
4 |
|
Shots
|
| Golden Knights |
8 |
11 |
6 |
25 |
| Senateurs |
15 |
14 |
7 |
36 |
|
1st period
1. Senateurs , Sidney Crosby 7 (Duncan Keith 5) at 0:41
2. Golden Knights , Zach Bogosian 8 (Michael Frolik 12, Andrei Loktionov 17) at 7:40
3. Senateurs , Jamie Benn 3 (Evgeni Malkin 6, Dion Phaneuf 10) at 14:13
Penalties :
Zach Bogosian (Vgs) for Interference (Minor) at 9:51
2nd period
4. Senateurs , Derek Boogaard 2 (Cody Franson 4, Phil Kessel 8) at 4:21
5. Senateurs , Phil Kessel 8 (Sidney Crosby 11, Dion Phaneuf 11) at 4:41 (PP)
Penalties :
Mathew Dumba (Vgs) for Interference (Minor) at 4:26, Wayne Simmonds (Vgs) for Hooking (Minor) at 8:36, Vladimir Zharkov (Vgs) for Interference (Minor) at 12:13, Michael Frolik (Vgs) for Hooking (Minor) at 16:29, Cody Franson (Ott) for Slashing (Minor) at 19:48
3rd period
No Goal
Penalties :
Vladimir Mihalik (Vgs) for Hooking (Minor) at 6:17, Chris Higgins (Vgs) for High sticking (Minor) at 14:49
Goalie Stats
Ondrej Pavelec (Vgs), 32 saves from 36 shots - (0.889), L, 8-5-2, 60:00 minutes
Jaroslav Halak (Ott), 24 saves from 25 shots - (0.960), W, 5-9-4, 60:00 minutes
Players Stats for Golden Knights
Player Name G A P +/- PIM S H SB GA TA FO MP PP MP PK MP
------------------------------------------------------------------------------------
Andrei Loktionov 0 1 1 1 0 5 2 1 1 0 3/16 16:36 1:05 0:00
Chris Higgins 0 0 0 -1 2 2 1 0 0 0 0/0 9:42 0:00 0:00
Chris Tierney 0 0 0 0 0 1 0 0 1 0 3/12 14:49 0:00 6:15
Ilya Kovalchuk 0 0 0 -2 0 2 2 0 0 1 0/1 19:10 1:05 5:56
Jared Cowen 0 0 0 0 0 0 0 1 0 1 0/0 22:04 1:07 5:21
Mathew Dumba 0 0 0 0 2 0 3 2 0 2 0/0 21:12 0:52 4:59
Matt Stajan 0 0 0 -2 0 2 2 0 0 1 8/15 12:57 0:54 0:00
Michael Frolik 0 1 1 1 2 1 2 3 0 0 0/2 16:44 1:05 0:00
Michael Kostka 0 0 0 -2 0 2 3 0 0 2 0/0 19:37 0:00 6:24
Patrice Cormier 0 0 0 -1 0 0 1 0 0 0 5/12 15:35 0:00 5:51
Sergei Plotnikov 0 0 0 1 0 0 3 1 0 0 0/0 17:22 0:54 0:31
Shawn Matthias 0 0 0 0 0 1 0 0 0 0 0/0 9:04 0:00 0:57
Steve Bernier 0 0 0 0 0 1 1 0 0 1 0/0 8:11 0:00 0:00
Vladimir Mihalik 0 0 0 0 2 1 1 1 1 0 0/0 16:36 0:00 0:10
Vladimir Zharkov 0 0 0 -2 2 1 1 0 1 0 2/4 12:57 0:54 0:00
Wayne Simmonds 0 0 0 -1 2 2 2 1 0 0 0/0 14:52 0:00 4:48
Wes O'Neill 0 0 0 0 0 1 1 2 0 0 0/0 20:19 1:07 2:48
Zach Bogosian 1 0 1 -2 2 3 1 3 0 1 0/0 19:57 0:52 4:36
Players Stats for Senateurs
Player Name G A P +/- PIM S H SB GA TA FO MP PP MP PK MP
------------------------------------------------------------------------------------
Arturs Kulda 0 0 0 -1 0 1 4 3 0 1 0/0 13:39 0:00 0:57
Brian McGrattan 0 0 0 0 0 0 0 0 0 0 0/0 8:54 0:03 0:00
Cody Franson 0 1 1 2 2 2 1 0 0 0 0/0 24:32 7:12 0:00
Colby Armstrong 0 0 0 0 0 2 1 0 1 0 1/1 12:28 0:08 0:00
Denis Grebeshkov 0 0 0 1 0 1 1 0 0 1 0/0 21:04 4:51 0:41
Derek Boogaard 1 0 1 2 0 4 0 2 1 1 2/3 21:12 6:49 0:22
Dion Phaneuf 0 2 2 2 0 2 1 0 0 0 0/0 27:57 7:08 1:18
Duncan Keith 0 1 1 1 0 0 0 0 3 0 0/0 19:11 4:51 0:41
Evgeni Malkin 0 1 1 0 0 5 2 0 1 0 6/12 17:17 5:14 1:07
Jamie Benn 1 0 1 0 0 1 3 0 1 0 2/2 16:41 5:14 0:30
Marek Svatos 0 0 0 0 0 2 0 0 0 0 0/0 16:10 5:14 0:00
Matt Moulson 0 0 0 0 0 2 0 0 0 0 0/0 8:35 0:00 0:00
Maxim Lapierre 0 0 0 0 0 1 0 0 1 0 4/7 12:25 0:05 0:00
Nate Prosser 0 0 0 -1 0 0 0 0 0 1 0/0 13:37 0:16 0:21
Phil Kessel 1 1 2 2 0 4 0 1 0 0 2/3 21:12 6:50 0:22
Sergei Kostitsyn 0 0 0 0 0 5 1 0 0 0 1/1 12:27 0:00 0:24
Sidney Crosby 1 1 2 2 0 4 1 0 0 0 22/31 21:57 6:50 1:07
Stephane Da Costa 0 0 0 0 0 0 0 0 1 0 1/2 8:42 0:00 0:06
3 Stars
1 - Sidney Crosby (Ott)
2 - Phil Kessel (Ott)
3 - Dion Phaneuf (Ott)
Power Play
Golden Knights - 0 on 1 Attempt(s) - 0.00%
Senateurs - 1 on 7 Attempt(s) - 14.29%
Penalty Kill
Golden Knights - 6 on 7 Attempt(s) - 85.71%
- Score 0 goal in Penalty Kill
Senateurs - 1 on 1 Attempt(s) - 100.00%
- Score 0 goal in Penalty Kill
Team Stat
Golden Knights - Hits : 26 - Faceoff Wins : 21 - Blocked Shots : 15 - Penalty Minutes : 14
Senateurs - Hits : 15 - Faceoff Wins : 41 - Blocked Shots : 6 - Penalty Minutes : 2
Official
Referees : Unknown
Linesman : Unknown
Game Notes
No Game Note
Finance
Level 1 -- Attendance: 5368 (89.47%) -- Ticket Income $552,904
Level 2 -- Attendance: 4238 (84.76%) -- Ticket Income $288,184
Level 3 -- Attendance: 1663 (83.15%) -- Ticket Income $71,509
Level 4 -- Attendance: 4000 (100.00%) -- Ticket Income $112,000
Luxury Box -- Attendance: 1000 (100.00%) -- Ticket Income $180,000
Game was played at the Place Banque Scotia.
Total Attendance: 16269 (90.38%)
Total Ticket Income: $1,204,597
Other Income: $180,690
Total Income: $1,385,287
Golden Knights
5 vs 5 Forward
Center Left Wing Right Wing Time % Phy DF OF
1 Andrei Loktionov Sergei Plotnikov Michael Frolik 35 1 2 2
2 Matt Stajan Ilya Kovalchuk Vladimir Zharkov 30 1 2 2
3 Patrice Cormier Chris Higgins Wayne Simmonds 20 1 2 2
4 Chris Tierney Shawn Matthias Steve Bernier 15 1 2 2
5 vs 5 Defense
Defense Defense Time % Phy DF OF
1 Zach Bogosian Michael Kostka 35 1 2 2
2 Wes O'Neill Mathew Dumba 35 1 2 2
3 Vladimir Mihalik Jared Cowen 30 1 2 2
4 Zach Bogosian Jared Cowen 0 1 2 2
PowerPlay Forward
Center Left Wing Right Wing Time % Phy DF OF
1 Andrei Loktionov Ilya Kovalchuk Michael Frolik 50 1 2 2
2 Matt Stajan Sergei Plotnikov Vladimir Zharkov 50 1 2 2
PowerPlay Defense
Defense Defense Time % Phy DF OF
1 Zach Bogosian Mathew Dumba 50 1 2 2
2 Wes O'Neill Jared Cowen 50 1 2 2
Penalty Kill 4 Players Forward
Center Wing Time % Phy DF OF
1 Chris Tierney Ilya Kovalchuk 50 1 2 2
2 Patrice Cormier Wayne Simmonds 50 1 2 2
Penalty Kill 4 Players Defense
Defense Defense Time % Phy DF OF
1 Zach Bogosian Jared Cowen 50 1 2 2
2 Michael Kostka Mathew Dumba 50 1 2 2
Penalty Kill - 3 Players Forward
Forward Time % Phy DF OF
1 Ilya Kovalchuk 60 1 2 2
2 Chris Higgins 40 1 2 2
Penalty Kill - 3 Players Defense
Defense Defense Time % Phy DF OF
1 Vladimir Mihalik Jared Cowen 69 1 2 2
2 Michael Kostka Wes O'Neill 31 1 2 2
4 vs 4 Forward
Center Wing Time % Phy DF OF
1 Matt Stajan Steve Bernier 60 1 2 2
2 Andrei Loktionov Sergei Plotnikov 40 1 2 2
4 vs 4 Defense
Defense Defense Time % Phy DF OF
1 Zach Bogosian Jared Cowen 60 1 2 2
2 Michael Kostka Mathew Dumba 40 1 2 2
Last Minutes Offensive
Center Left Wing Right Wing Defense Defense
Andrei Loktionov Sergei Plotnikov Michael Frolik Zach Bogosian Wes O'Neill
Last Minutes Defensive
Center Left Wing Right Wing Defense Defense
Matt Stajan Ilya Kovalchuk Michael Frolik Michael Kostka Jared Cowen
Goaltenders
Starting : Ondrej Pavelec
Backup : Matt Hackett
Extra Forwards
Normal : Patrice Cormier, Steve Bernier, Shawn Matthias - PP : Patrice Cormier, Steve Bernier - PK : Shawn Matthias
Extra Defensemen
Normal : Vladimir Mihalik, Wes O'Neill, Michael Kostka - PP : Vladimir Mihalik - PK : Wes O'Neill, Michael Kostka
Penalty Shots
Michael Frolik, Ilya Kovalchuk, Andrei Loktionov, Matt Stajan, Wayne Simmonds
Scratches
None
Senateurs
5 vs 5 Forward
Center Left Wing Right Wing Time % Phy DF OF
1 Sidney Crosby Derek Boogaard Phil Kessel 40 1 2 2
2 Evgeni Malkin Jamie Benn Marek Svatos 30 1 2 2
3 Maxim Lapierre Sergei Kostitsyn Colby Armstrong 20 1 2 2
4 Stephane Da Costa Matt Moulson Brian McGrattan 10 1 2 2
5 vs 5 Defense
Defense Defense Time % Phy DF OF
1 Dion Phaneuf Cody Franson 40 1 2 2
2 Duncan Keith Denis Grebeshkov 30 1 2 2
3 Nate Prosser Arturs Kulda 20 1 2 2
4 Denis Grebeshkov Dion Phaneuf 10 1 2 2
PowerPlay Forward
Center Left Wing Right Wing Time % Phy DF OF
1 Sidney Crosby Derek Boogaard Phil Kessel 60 1 2 2
2 Evgeni Malkin Jamie Benn Marek Svatos 40 1 2 2
PowerPlay Defense
Defense Defense Time % Phy DF OF
1 Dion Phaneuf Cody Franson 60 1 2 2
2 Duncan Keith Denis Grebeshkov 40 1 2 2
Penalty Kill 4 Players Forward
Center Wing Time % Phy DF OF
1 Sidney Crosby Evgeni Malkin 60 1 2 2
2 Phil Kessel Derek Boogaard 40 1 2 2
Penalty Kill 4 Players Defense
Defense Defense Time % Phy DF OF
1 Dion Phaneuf Cody Franson 60 1 2 2
2 Duncan Keith Denis Grebeshkov 40 1 2 2
Penalty Kill - 3 Players Forward
Forward Time % Phy DF OF
1 Sidney Crosby 60 1 2 2
2 Evgeni Malkin 40 1 2 2
Penalty Kill - 3 Players Defense
Defense Defense Time % Phy DF OF
1 Dion Phaneuf Cody Franson 60 1 2 2
2 Duncan Keith Denis Grebeshkov 40 1 2 2
4 vs 4 Forward
Center Wing Time % Phy DF OF
1 Sidney Crosby Evgeni Malkin 60 1 2 2
2 Phil Kessel Derek Boogaard 40 1 2 2
4 vs 4 Defense
Defense Defense Time % Phy DF OF
1 Dion Phaneuf Cody Franson 60 1 2 2
2 Duncan Keith Denis Grebeshkov 40 1 2 2
Last Minutes Offensive
Center Left Wing Right Wing Defense Defense
Sidney Crosby Derek Boogaard Phil Kessel Dion Phaneuf Cody Franson
Last Minutes Defensive
Center Left Wing Right Wing Defense Defense
Sidney Crosby Derek Boogaard Phil Kessel Dion Phaneuf Cody Franson
Goaltenders
Starting : Jaroslav Halak
Backup : Jonas Hiller
Extra Forwards
Normal : Colby Armstrong, Maxim Lapierre, Sergei Kostitsyn - PP : Colby Armstrong, Maxim Lapierre - PK : Sergei Kostitsyn
Extra Defensemen
Normal : Nate Prosser, Arturs Kulda, Dion Phaneuf - PP : Nate Prosser - PK : Arturs Kulda, Nate Prosser
Penalty Shots
Sidney Crosby, Evgeni Malkin, Phil Kessel, Derek Boogaard, Marek Svatos
Scratches
Mark Giordano (Healthy)
% Time on Ice - Golden Knights
Lines # - Real PCT - Wanted PCT - Time Play
Normal Forward
1 - 34% - 35% - 15:46
2 - 27% - 30% - 12:31
3 - 21% - 20% - 9:37
4 - 17% - 15% - 7:58
Normal Defense
1 - 31% - 35% - 14:18
2 - 34% - 35% - 15:48
3 - 33% - 30% - 15:20
4 - 1% - 0% - 0:26
PP Forward
1 - 55% - 50% - 1:05
2 - 45% - 50% - 0:54
PP Defense
1 - 44% - 50% - 0:52
2 - 56% - 50% - 1:07
PK Forward
1 - 50% - 50% - 6:05
2 - 50% - 50% - 6:04
PK Defense
1 - 47% - 50% - 5:45
2 - 53% - 50% - 6:24
PK3 Forward
1 - 0% - 60%
2 - 0% - 40%
PK3 Defense
1 - 0% - 69%
2 - 0% - 31%
44 Forward
1 - 0% - 60%
2 - 0% - 40%
44 Defense
1 - 0% - 60%
2 - 0% - 40%
Last Minute Offensive - 0:00
Last Minute Defensive - 0:00
Total
Forward - 60:00
Defense - 60:00
|
% Time on Ice - Senateurs
Lines # - Real PCT - Wanted PCT - Time Play
Normal Forward
1 - 31% - 40% - 14:18
2 - 24% - 30% - 10:56
3 - 26% - 20% - 12:03
4 - 19% - 10% - 8:35
Normal Defense
1 - 38% - 40% - 17:38
2 - 30% - 30% - 13:39
3 - 28% - 20% - 12:42
4 - 4% - 10% - 1:53
PP Forward
1 - 57% - 60% - 6:55
2 - 43% - 40% - 5:14
PP Defense
1 - 60% - 60% - 7:18
2 - 40% - 40% - 4:51
PK Forward
1 - 82% - 60% - 1:37
2 - 18% - 40% - 0:22
PK Defense
1 - 66% - 60% - 1:18
2 - 34% - 40% - 0:41
PK3 Forward
1 - 0% - 60%
2 - 0% - 40%
PK3 Defense
1 - 0% - 60%
2 - 0% - 40%
44 Forward
1 - 0% - 60%
2 - 0% - 40%
44 Defense
1 - 0% - 60%
2 - 0% - 40%
Last Minute Offensive - 0:00
Last Minute Defensive - 0:00
Total
Forward - 60:00
Defense - 60:00
|
Play-by-Play
1st period
0:01 of 1st period - Sidney Crosby wins face-off versus Michael Frolik in neutral zone.
0:04 of 1st period - Snap shot by Phil Kessel.
0:04 of 1st period - Shot Misses the Net.
0:10 of 1st period - Cody Franson is hit by Michael Kostka and loses puck.
0:27 of 1st period - Dion Phaneuf is hit by Wayne Simmonds.
0:41 of 1st period - Snap shot by Sidney Crosby.
0:41 of 1st period - Goal by Sidney Crosby - Golden Knights : 0 - Senateurs : 1.
0:42 of 1st period - Evgeni Malkin wins face-off versus Matt Stajan in neutral zone.
0:47 of 1st period - Backhand shot by Marek Svatos.
0:47 of 1st period - Stopped by Ondrej Pavelec with a rebound.
0:49 of 1st period - Slapshot by Nate Prosser.
0:49 of 1st period - Shot Blocked by Mathew Dumba.
0:51 of 1st period - Slapshot by Nate Prosser.
0:51 of 1st period - Shot Misses the Net.
0:53 of 1st period - Slapshot by Evgeni Malkin.
0:53 of 1st period - Stopped by Ondrej Pavelec without a rebound.
0:54 of 1st period - Maxim Lapierre wins face-off versus Chris Tierney in Golden Knights zone.
0:57 of 1st period - Slapshot by Colby Armstrong.
0:57 of 1st period - Stopped by Ondrej Pavelec without a rebound.
0:58 of 1st period - Chris Tierney wins face-off versus Maxim Lapierre in Golden Knights zone.
1:09 of 1st period - Slapshot by Maxim Lapierre.
1:09 of 1st period - Shot Misses the Net.
1:14 of 1st period - Off-side.
1:15 of 1st period - Jamie Benn wins face-off versus Vladimir Zharkov in neutral zone.
1:15 of 1st period - Jamie Benn is hit by Mathew Dumba.
1:19 of 1st period - Slapshot by Evgeni Malkin.
1:19 of 1st period - Stopped by Ondrej Pavelec without a rebound.
1:20 of 1st period - Matt Stajan wins face-off versus Evgeni Malkin in Golden Knights zone.
1:47 of 1st period - Slapshot by Colby Armstrong.
1:47 of 1st period - Shot Misses the Net.
2:41 of 1st period - Wrist shot by Sidney Crosby.
2:41 of 1st period - Shot Misses the Net.
3:57 of 1st period - Duncan Keith is hit by Zach Bogosian and loses puck.
4:04 of 1st period - Slapshot by Phil Kessel.
4:04 of 1st period - Deflect By Zach Bogosian.
4:04 of 1st period - Shot Misses the Net.
4:04 of 1st period - Puck is out of play.
4:05 of 1st period - Sidney Crosby wins face-off versus Andrei Loktionov in Golden Knights zone.
4:14 of 1st period - Backhand shot by Phil Kessel.
4:14 of 1st period - Shot Misses the Net.
4:51 of 1st period - Evgeni Malkin is hit by Ilya Kovalchuk and loses puck.
5:08 of 1st period - Chris Higgins is hit by Colby Armstrong and loses puck.
5:28 of 1st period - Shawn Matthias is hit by Arturs Kulda and loses puck.
5:42 of 1st period - Off-side.
5:43 of 1st period - Sidney Crosby wins face-off versus Andrei Loktionov in neutral zone.
5:56 of 1st period - Snap shot by Sidney Crosby.
5:56 of 1st period - Stopped by Ondrej Pavelec without a rebound.
5:57 of 1st period - Andrei Loktionov wins face-off versus Evgeni Malkin in Golden Knights zone.
6:12 of 1st period - Wrist shot by Evgeni Malkin.
6:12 of 1st period - Stopped by Ondrej Pavelec with a rebound.
7:38 of 1st period - Snap shot by Michael Frolik.
7:38 of 1st period - Shot Blocked by Arturs Kulda.
7:40 of 1st period - Slapshot by Zach Bogosian.
7:40 of 1st period - Goal by Zach Bogosian - Golden Knights : 1 - Senateurs : 1.
7:41 of 1st period - Phil Kessel wins face-off versus Matt Stajan in neutral zone.
8:08 of 1st period - Evgeni Malkin is hit by Andrei Loktionov and loses puck.
8:15 of 1st period - Snap shot by Andrei Loktionov.
8:15 of 1st period - Stopped by Jaroslav Halak without a rebound.
8:16 of 1st period - Evgeni Malkin wins face-off versus Andrei Loktionov in Senateurs zone.
8:31 of 1st period - Snap shot by Evgeni Malkin.
8:31 of 1st period - Stopped by Ondrej Pavelec without a rebound.
8:32 of 1st period - Matt Stajan wins face-off versus Sidney Crosby in Golden Knights zone.
9:29 of 1st period - Wrist shot by Wayne Simmonds.
9:29 of 1st period - Stopped by Jaroslav Halak without a rebound.
9:30 of 1st period - Matt Stajan wins face-off versus Sidney Crosby in Senateurs zone.
9:37 of 1st period - Wrist shot by Matt Stajan.
9:37 of 1st period - Shot Blocked by Arturs Kulda.
9:39 of 1st period - Wrist shot by Jared Cowen.
9:39 of 1st period - Shot Blocked by Arturs Kulda.
9:41 of 1st period - Wrist shot by Vladimir Zharkov.
9:41 of 1st period - Shot Misses the Net.
9:45 of 1st period - Slapshot by Matt Stajan.
9:45 of 1st period - Stopped by Jaroslav Halak without a rebound.
9:46 of 1st period - Maxim Lapierre wins face-off versus Andrei Loktionov in Senateurs zone.
9:46 of 1st period - Maxim Lapierre is hit by Michael Frolik.
9:51 of 1st period - Minor Penalty to Zach Bogosian for Interference.
9:52 of 1st period - Sidney Crosby wins face-off versus Chris Tierney in Golden Knights zone.
11:10 of 1st period - Icing by Duncan Keith.
11:11 of 1st period - Evgeni Malkin wins face-off versus Chris Tierney in Senateurs zone.
11:51 of 1st period - Penalty to Zach Bogosian is over, Zach Bogosian is back on ice.
11:59 of 1st period - Icing by Wayne Simmonds.
12:00 of 1st period - Sergei Kostitsyn wins face-off versus Andrei Loktionov in Golden Knights zone.
12:01 of 1st period - Snap shot by Colby Armstrong.
12:01 of 1st period - Shot Blocked by Michael Frolik.
12:03 of 1st period - Wrist shot by Sergei Kostitsyn.
12:03 of 1st period - Deflect By Michael Frolik.
12:03 of 1st period - Shot Misses the Net.
12:03 of 1st period - Puck is out of play.
12:04 of 1st period - Maxim Lapierre wins face-off versus Michael Frolik in Golden Knights zone.
12:11 of 1st period - Slapshot by Colby Armstrong.
12:11 of 1st period - Shot Misses the Net.
12:13 of 1st period - Slapshot by Duncan Keith.
12:13 of 1st period - Shot Misses the Net.
12:52 of 1st period - Snap shot by Michael Frolik.
12:52 of 1st period - Shot Misses the Net.
13:04 of 1st period - Backhand shot by Colby Armstrong.
13:04 of 1st period - Shot Misses the Net.
13:06 of 1st period - Snap shot by Sergei Kostitsyn.
13:06 of 1st period - Stopped by Ondrej Pavelec with a rebound.
13:08 of 1st period - Slapshot by Duncan Keith.
13:08 of 1st period - Shot Blocked by Andrei Loktionov.
13:12 of 1st period - Snap shot by Maxim Lapierre.
13:12 of 1st period - Stopped by Ondrej Pavelec with a rebound.
13:14 of 1st period - Slapshot by Duncan Keith.
13:14 of 1st period - Shot Blocked by Michael Frolik.
13:16 of 1st period - Slapshot by Denis Grebeshkov.
13:16 of 1st period - Deflect By Maxim Lapierre.
13:16 of 1st period - Shot Misses the Net.
13:16 of 1st period - Puck is out of play.
13:17 of 1st period - Patrice Cormier wins face-off versus Sidney Crosby in Golden Knights zone.
13:44 of 1st period - Marek Svatos is hit by Ilya Kovalchuk and loses puck.
13:50 of 1st period - Icing by Jamie Benn.
13:51 of 1st period - Matt Stajan wins face-off versus Evgeni Malkin in Senateurs zone.
14:00 of 1st period - Snap shot by Matt Stajan.
14:00 of 1st period - Shot Misses the Net.
14:03 of 1st period - Icing by Marek Svatos.
14:04 of 1st period - Evgeni Malkin wins face-off versus Vladimir Zharkov in Senateurs zone.
14:11 of 1st period - Wrist shot by Evgeni Malkin.
14:11 of 1st period - Shot Blocked by Zach Bogosian.
14:13 of 1st period - Snap shot by Jamie Benn.
14:13 of 1st period - Goal by Jamie Benn - Golden Knights : 1 - Senateurs : 2.
14:14 of 1st period - Patrice Cormier wins face-off versus Sidney Crosby in neutral zone.
14:25 of 1st period - Wrist shot by Phil Kessel.
14:25 of 1st period - Stopped by Ondrej Pavelec without a rebound.
14:26 of 1st period - Matt Stajan wins face-off versus Sidney Crosby in Golden Knights zone.
14:31 of 1st period - Slapshot by Zach Bogosian.
14:31 of 1st period - Stopped by Jaroslav Halak with a rebound.
14:34 of 1st period - Icing by Derek Boogaard.
14:35 of 1st period - Sidney Crosby wins face-off versus Matt Stajan in Senateurs zone.
14:58 of 1st period - Wrist shot by Phil Kessel.
14:58 of 1st period - Stopped by Ondrej Pavelec without a rebound.
14:59 of 1st period - Jamie Benn wins face-off versus Patrice Cormier in Golden Knights zone.
15:10 of 1st period - Mathew Dumba is hit by Evgeni Malkin and loses puck.
15:25 of 1st period - Nate Prosser is hit by Andrei Loktionov and loses puck.
15:48 of 1st period - Slapshot by Steve Bernier.
15:48 of 1st period - Stopped by Jaroslav Halak with a rebound.
15:50 of 1st period - Snap shot by Shawn Matthias.
15:50 of 1st period - Stopped by Jaroslav Halak with a rebound.
16:38 of 1st period - Slapshot by Colby Armstrong.
16:38 of 1st period - Deflect By Maxim Lapierre.
16:38 of 1st period - Shot Misses the Net.
16:38 of 1st period - Puck is out of play.
16:39 of 1st period - Sidney Crosby wins face-off versus Patrice Cormier in Golden Knights zone.
17:42 of 1st period - Wrist shot by Matt Stajan.
17:42 of 1st period - Shot Misses the Net.
18:00 of 1st period - Slapshot by Colby Armstrong.
18:00 of 1st period - Shot Misses the Net.
18:02 of 1st period - Wrist shot by Sergei Kostitsyn.
18:02 of 1st period - Stopped by Ondrej Pavelec with a rebound.
18:21 of 1st period - Slapshot by Phil Kessel.
18:21 of 1st period - Deflect By Sidney Crosby.
18:21 of 1st period - Shot Blocked by Jared Cowen.
18:21 of 1st period - Puck is out of play.
18:22 of 1st period - Sidney Crosby wins face-off versus Andrei Loktionov in Golden Knights zone.
18:47 of 1st period - Evgeni Malkin is hit by Wes O'Neill and loses puck.
18:58 of 1st period - Snap shot by Marek Svatos.
18:58 of 1st period - Stopped by Ondrej Pavelec with a rebound.
19:12 of 1st period - Snap shot by Wayne Simmonds.
19:12 of 1st period - Shot Misses the Net.
19:59 of 1st period - Snap shot by Andrei Loktionov.
19:59 of 1st period - Deflect By Michael Frolik.
19:59 of 1st period - Stopped by Jaroslav Halak without a rebound.
Goals for this period are 1 for Golden Knights vs 2 for Senateurs.
Shots for this period are 8 for Golden Knights vs 15 for Senateurs.
2nd period
0:01 of 2nd period - Sidney Crosby wins face-off versus Andrei Loktionov in neutral zone.
0:04 of 2nd period - Slapshot by Dion Phaneuf.
0:04 of 2nd period - Deflect By Andrei Loktionov.
0:04 of 2nd period - Stopped by Ondrej Pavelec with a rebound.
0:28 of 2nd period - Evgeni Malkin is hit by Matt Stajan and loses puck.
0:33 of 2nd period - Wrist shot by Matt Stajan.
0:33 of 2nd period - Stopped by Jaroslav Halak without a rebound.
0:34 of 2nd period - Matt Stajan wins face-off versus Evgeni Malkin in Senateurs zone.
0:44 of 2nd period - Icing by Wes O'Neill.
0:45 of 2nd period - Vladimir Zharkov wins face-off versus Sidney Crosby in Golden Knights zone.
0:55 of 2nd period - Off-side.
0:56 of 2nd period - Sidney Crosby wins face-off versus Andrei Loktionov in neutral zone.
1:41 of 2nd period - Wrist shot by Andrei Loktionov.
1:41 of 2nd period - Stopped by Jaroslav Halak without a rebound.
1:42 of 2nd period - Sidney Crosby wins face-off versus Matt Stajan in Senateurs zone.
1:46 of 2nd period - Off-side.
1:47 of 2nd period - Matt Stajan wins face-off versus Sidney Crosby in neutral zone.
1:50 of 2nd period - Wrist shot by Zach Bogosian.
1:50 of 2nd period - Deflect By Derek Boogaard.
1:50 of 2nd period - Stopped by Jaroslav Halak with a rebound.
1:52 of 2nd period - Wrist shot by Michael Kostka.
1:52 of 2nd period - Stopped by Jaroslav Halak with a rebound.
1:54 of 2nd period - Snap shot by Ilya Kovalchuk.
1:54 of 2nd period - Shot Blocked by Derek Boogaard.
1:56 of 2nd period - Slapshot by Michael Kostka.
1:56 of 2nd period - Shot Blocked by Derek Boogaard.
1:58 of 2nd period - Snap shot by Ilya Kovalchuk.
1:58 of 2nd period - Stopped by Jaroslav Halak with a rebound.
2:00 of 2nd period - Snap shot by Matt Stajan.
2:00 of 2nd period - Deflect By Vladimir Zharkov.
2:00 of 2nd period - Shot Misses the Net.
2:00 of 2nd period - Puck is out of play.
2:01 of 2nd period - Patrice Cormier wins face-off versus Evgeni Malkin in Senateurs zone.
2:10 of 2nd period - Slapshot by Cody Franson.
2:10 of 2nd period - Stopped by Ondrej Pavelec with a rebound.
2:12 of 2nd period - Wrist shot by Evgeni Malkin.
2:12 of 2nd period - Shot Misses the Net.
2:14 of 2nd period - Snap shot by Cody Franson.
2:14 of 2nd period - Shot Misses the Net.
2:16 of 2nd period - Slapshot by Cody Franson.
2:16 of 2nd period - Shot Blocked by Wes O'Neill.
2:18 of 2nd period - Slapshot by Cody Franson.
2:18 of 2nd period - Shot Blocked by Mathew Dumba.
2:51 of 2nd period - Wrist shot by Matt Moulson.
2:51 of 2nd period - Stopped by Ondrej Pavelec with a rebound.
2:53 of 2nd period - Slapshot by Arturs Kulda.
2:53 of 2nd period - Stopped by Ondrej Pavelec without a rebound.
2:54 of 2nd period - Chris Tierney wins face-off versus Stephane Da Costa in Golden Knights zone.
3:01 of 2nd period - Slapshot by Michael Kostka.
3:01 of 2nd period - Stopped by Jaroslav Halak without a rebound.
3:02 of 2nd period - Sidney Crosby wins face-off versus Chris Tierney in Senateurs zone.
3:06 of 2nd period - Off-side.
3:07 of 2nd period - Sidney Crosby wins face-off versus Andrei Loktionov in neutral zone.
3:17 of 2nd period - Snap shot by Derek Boogaard.
3:17 of 2nd period - Shot Blocked by Sergei Plotnikov.
3:19 of 2nd period - Slapshot by Cody Franson.
3:19 of 2nd period - Shot Blocked by Zach Bogosian.
3:21 of 2nd period - Backhand shot by Cody Franson.
3:21 of 2nd period - Deflect By Phil Kessel.
3:21 of 2nd period - Shot Misses the Net.
3:21 of 2nd period - Puck is out of play.
3:22 of 2nd period - Patrice Cormier wins face-off versus Evgeni Malkin in Golden Knights zone.
3:37 of 2nd period - Wrist shot by Chris Higgins.
3:37 of 2nd period - Deflect By Wayne Simmonds.
3:37 of 2nd period - Shot Misses the Net.
3:37 of 2nd period - Puck is out of play.
3:38 of 2nd period - Andrei Loktionov wins face-off versus Phil Kessel in Senateurs zone.
4:19 of 2nd period - Slapshot by Cody Franson.
4:19 of 2nd period - Stopped by Ondrej Pavelec with a rebound.
4:21 of 2nd period - Wrist shot by Derek Boogaard.
4:21 of 2nd period - Goal by Derek Boogaard - Golden Knights : 1 - Senateurs : 3.
4:22 of 2nd period - Evgeni Malkin wins face-off versus Chris Tierney in neutral zone.
4:26 of 2nd period - Minor Penalty to Mathew Dumba for Interference.
4:27 of 2nd period - Sidney Crosby wins face-off versus Patrice Cormier in Golden Knights zone.
4:41 of 2nd period - Wrist shot by Phil Kessel.
4:41 of 2nd period - Goal by Phil Kessel - Golden Knights : 1 - Senateurs : 4.
4:42 of 2nd period - Evgeni Malkin wins face-off versus Andrei Loktionov in neutral zone.
6:37 of 2nd period - Slapshot by Andrei Loktionov.
6:37 of 2nd period - Stopped by Jaroslav Halak with a rebound.
8:12 of 2nd period - Wrist shot by Denis Grebeshkov.
8:12 of 2nd period - Stopped by Ondrej Pavelec with a rebound.
8:14 of 2nd period - Snap shot by Evgeni Malkin.
8:14 of 2nd period - Stopped by Ondrej Pavelec with a rebound.
8:34 of 2nd period - Snap shot by Matt Moulson.
8:34 of 2nd period - Stopped by Ondrej Pavelec with a rebound.
8:36 of 2nd period - Minor Penalty to Wayne Simmonds for Hooking.
8:37 of 2nd period - Sidney Crosby wins face-off versus Patrice Cormier in Golden Knights zone.
9:05 of 2nd period - Snap shot by Evgeni Malkin.
9:05 of 2nd period - Shot Misses the Net.
9:49 of 2nd period - Derek Boogaard is hit by Michael Kostka and loses puck.
10:36 of 2nd period - Penalty to Wayne Simmonds is over, Wayne Simmonds is back on ice.
11:07 of 2nd period - Slapshot by Wes O'Neill.
11:07 of 2nd period - Stopped by Jaroslav Halak without a rebound.
11:08 of 2nd period - Vladimir Zharkov wins face-off versus Maxim Lapierre in Senateurs zone.
11:22 of 2nd period - Icing by Maxim Lapierre.
11:23 of 2nd period - Andrei Loktionov wins face-off versus Maxim Lapierre in Senateurs zone.
11:26 of 2nd period - Wrist shot by Andrei Loktionov.
11:26 of 2nd period - Stopped by Jaroslav Halak with a rebound.
11:42 of 2nd period - Snap shot by Maxim Lapierre.
11:42 of 2nd period - Shot Blocked by Michael Frolik.
11:44 of 2nd period - Snap shot by Sergei Kostitsyn.
11:44 of 2nd period - Stopped by Ondrej Pavelec with a rebound.
11:46 of 2nd period - Slapshot by Dion Phaneuf.
11:46 of 2nd period - Stopped by Ondrej Pavelec with a rebound.
12:02 of 2nd period - Wrist shot by Sergei Kostitsyn.
12:02 of 2nd period - Stopped by Ondrej Pavelec without a rebound.
12:03 of 2nd period - Matt Stajan wins face-off versus Derek Boogaard in Golden Knights zone.
12:13 of 2nd period - Minor Penalty to Vladimir Zharkov for Interference.
12:14 of 2nd period - Derek Boogaard wins face-off versus Chris Tierney in Golden Knights zone.
13:15 of 2nd period - Mathew Dumba is hit by Jamie Benn and loses puck.
14:13 of 2nd period - Penalty to Vladimir Zharkov is over, Vladimir Zharkov is back on ice.
14:20 of 2nd period - Andrei Loktionov is hit by Cody Franson and loses puck.
14:37 of 2nd period - Matt Moulson is hit by Mathew Dumba and loses puck.
14:45 of 2nd period - Chris Tierney is hit by Arturs Kulda and loses puck.
15:13 of 2nd period - Marek Svatos is hit by Vladimir Mihalik.
15:21 of 2nd period - Zach Bogosian is hit by Jamie Benn and loses puck.
15:41 of 2nd period - Snap shot by Wayne Simmonds.
15:41 of 2nd period - Shot Blocked by Phil Kessel.
16:04 of 2nd period - Duncan Keith is hit by Steve Bernier and loses puck.
16:29 of 2nd period - Minor Penalty to Michael Frolik for Hooking.
16:30 of 2nd period - Sidney Crosby wins face-off versus Patrice Cormier in Golden Knights zone.
16:57 of 2nd period - Dion Phaneuf is hit by Patrice Cormier and loses puck.
17:36 of 2nd period - Jared Cowen is hit by Jamie Benn.
18:29 of 2nd period - Penalty to Michael Frolik is over, Michael Frolik is back on ice.
18:43 of 2nd period - Snap shot by Sergei Kostitsyn.
18:43 of 2nd period - Stopped by Ondrej Pavelec without a rebound.
18:44 of 2nd period - Maxim Lapierre wins face-off versus Andrei Loktionov in Golden Knights zone.
19:19 of 2nd period - Wrist shot by Matt Moulson.
19:19 of 2nd period - Shot Blocked by Wes O'Neill.
19:33 of 2nd period - Slapshot by Ilya Kovalchuk.
19:33 of 2nd period - Stopped by Jaroslav Halak with a rebound.
19:35 of 2nd period - Backhand shot by Ilya Kovalchuk.
19:35 of 2nd period - Shot Misses the Net.
19:37 of 2nd period - Wrist shot by Matt Stajan.
19:37 of 2nd period - Deflect By Evgeni Malkin.
19:37 of 2nd period - Shot Misses the Net.
19:37 of 2nd period - Puck is out of play.
19:38 of 2nd period - Patrice Cormier wins face-off versus Sidney Crosby in Senateurs zone.
19:45 of 2nd period - Slapshot by Chris Higgins.
19:45 of 2nd period - Stopped by Jaroslav Halak without a rebound.
19:46 of 2nd period - Sidney Crosby wins face-off versus Patrice Cormier in Senateurs zone.
19:48 of 2nd period - Minor Penalty to Cody Franson for Slashing.
19:49 of 2nd period - Sidney Crosby wins face-off versus Andrei Loktionov in Senateurs zone.
19:49 of 2nd period - Sidney Crosby is hit by Michael Frolik.
Goals for this period are 0 for Golden Knights vs 2 for Senateurs.
Shots for this period are 11 for Golden Knights vs 14 for Senateurs.
3rd period
0:01 of 3rd period - Sidney Crosby wins face-off versus Matt Stajan in neutral zone.
0:54 of 3rd period - Duncan Keith is hit by Sergei Plotnikov and loses puck.
1:48 of 3rd period - Penalty to Cody Franson is over, Cody Franson is back on ice.
2:16 of 3rd period - Off-side.
2:17 of 3rd period - Colby Armstrong wins face-off versus Chris Tierney in neutral zone.
2:28 of 3rd period - Wrist shot by Colby Armstrong.
2:28 of 3rd period - Stopped by Ondrej Pavelec with a rebound.
2:39 of 3rd period - Shawn Matthias is hit by Arturs Kulda and loses puck.
3:02 of 3rd period - Slapshot by Arturs Kulda.
3:02 of 3rd period - Shot Misses the Net.
3:08 of 3rd period - Slapshot by Vladimir Mihalik.
3:08 of 3rd period - Stopped by Jaroslav Halak with a rebound.
3:10 of 3rd period - Wrist shot by Chris Tierney.
3:10 of 3rd period - Stopped by Jaroslav Halak without a rebound.
3:11 of 3rd period - Sidney Crosby wins face-off versus Matt Stajan in Senateurs zone.
3:18 of 3rd period - Snap shot by Sidney Crosby.
3:18 of 3rd period - Stopped by Ondrej Pavelec with a rebound.
3:23 of 3rd period - Icing by Zach Bogosian.
3:24 of 3rd period - Sidney Crosby wins face-off versus Matt Stajan in Golden Knights zone.
3:25 of 3rd period - Snap shot by Derek Boogaard.
3:25 of 3rd period - Stopped by Ondrej Pavelec with a rebound.
3:27 of 3rd period - Slapshot by Derek Boogaard.
3:27 of 3rd period - Stopped by Ondrej Pavelec without a rebound.
3:28 of 3rd period - Phil Kessel wins face-off versus Andrei Loktionov in Golden Knights zone.
3:43 of 3rd period - Wrist shot by Derek Boogaard.
3:43 of 3rd period - Shot Misses the Net.
3:45 of 3rd period - Slapshot by Cody Franson.
3:45 of 3rd period - Shot Blocked by Zach Bogosian.
4:18 of 3rd period - Backhand shot by Chris Higgins.
4:18 of 3rd period - Stopped by Jaroslav Halak with a rebound.
5:24 of 3rd period - Vladimir Zharkov is hit by Arturs Kulda and loses puck.
5:39 of 3rd period - Sidney Crosby is hit by Chris Higgins and loses puck.
6:17 of 3rd period - Minor Penalty to Vladimir Mihalik for Hooking.
6:18 of 3rd period - Sidney Crosby wins face-off versus Patrice Cormier in Golden Knights zone.
6:20 of 3rd period - Backhand shot by Sidney Crosby.
6:20 of 3rd period - Stopped by Ondrej Pavelec with a rebound.
6:26 of 3rd period - Wrist shot by Derek Boogaard.
6:26 of 3rd period - Stopped by Ondrej Pavelec with a rebound.
6:28 of 3rd period - Snap shot by Dion Phaneuf.
6:28 of 3rd period - Shot Blocked by Wayne Simmonds.
6:30 of 3rd period - Snap shot by Phil Kessel.
6:30 of 3rd period - Stopped by Ondrej Pavelec without a rebound.
6:31 of 3rd period - Chris Tierney wins face-off versus Sidney Crosby in Golden Knights zone.
7:02 of 3rd period - Jared Cowen is hit by Dion Phaneuf and loses puck.
8:17 of 3rd period - Penalty to Vladimir Mihalik is over, Vladimir Mihalik is back on ice.
8:28 of 3rd period - Andrei Loktionov is hit by Sergei Kostitsyn and loses puck.
8:45 of 3rd period - Nate Prosser is hit by Vladimir Zharkov and loses puck.
9:07 of 3rd period - Matt Moulson is hit by Wayne Simmonds and loses puck.
9:37 of 3rd period - Colby Armstrong is hit by Michael Kostka and loses puck.
9:48 of 3rd period - Andrei Loktionov is hit by Denis Grebeshkov and loses puck.
10:21 of 3rd period - Icing by Dion Phaneuf.
10:22 of 3rd period - Sidney Crosby wins face-off versus Ilya Kovalchuk in Senateurs zone.
11:14 of 3rd period - Slapshot by Chris Higgins.
11:14 of 3rd period - Shot Misses the Net.
11:46 of 3rd period - Slapshot by Andrei Loktionov.
11:46 of 3rd period - Shot Misses the Net.
12:06 of 3rd period - Vladimir Mihalik is hit by Sidney Crosby and loses puck.
12:21 of 3rd period - Snap shot by Andrei Loktionov.
12:21 of 3rd period - Stopped by Jaroslav Halak with a rebound.
12:31 of 3rd period - Wrist shot by Sergei Kostitsyn.
12:31 of 3rd period - Shot Hit the Post.
12:33 of 3rd period - Wrist shot by Colby Armstrong.
12:33 of 3rd period - Shot Blocked by Vladimir Mihalik.
13:53 of 3rd period - Slapshot by Vladimir Zharkov.
13:53 of 3rd period - Stopped by Jaroslav Halak with a rebound.
14:49 of 3rd period - Minor Penalty to Chris Higgins for High sticking.
14:50 of 3rd period - Derek Boogaard wins face-off versus Chris Tierney in Golden Knights zone.
15:16 of 3rd period - Chris Tierney is hit by Evgeni Malkin and loses puck.
16:49 of 3rd period - Penalty to Chris Higgins is over, Chris Higgins is back on ice.
17:05 of 3rd period - Nate Prosser is hit by Sergei Plotnikov.
17:19 of 3rd period - Stephane Da Costa is hit by Mathew Dumba and loses puck.
18:06 of 3rd period - Denis Grebeshkov is hit by Matt Stajan and loses puck.
18:19 of 3rd period - Snap shot by Wayne Simmonds.
18:19 of 3rd period - Stopped by Jaroslav Halak with a rebound.
18:48 of 3rd period - Off-side.
18:49 of 3rd period - Stephane Da Costa wins face-off versus Chris Tierney in neutral zone.
19:44 of 3rd period - Nate Prosser is hit by Sergei Plotnikov and loses puck.
Goals for this period are 0 for Golden Knights vs 0 for Senateurs.
Shots for this period are 6 for Golden Knights vs 7 for Senateurs.